AoeStats
← pablo5256

Hideout

510039650Analyzed
1v1 RM · 4d ago on Sep 29, 2026· 58m 16s· 2 players
Game mode
Random Map
Map size
Tiny (2 player)
Population
200
Speed
Normal
Resources
Standard
Victory
Conquest
Starting age
Dark Age
Ending age
Imperial Age
RankedLock teamsTeams togetherTeam positionsShared explorationLock speedFull tech treeHidden civsTurbo modeCheats
Victory
Defeat
🇲🇾 Varangians · Malaysia
1240
+17
🇲🇽 Huns · Mexico
1253
-17
Tintagel
7:29 Loom
10:07 Feudal Age
10:10 Man-at-Arms
12:00 Double-Bit Axe
11:56 Horse Collar
14:54 Scale Mail Armor
14:47 Fletching
15:32 Padded Archer Armor
24:04 Castle Age
25:29 Bloodlines
25:20 Husbandry
25:26 Scale Barding Armor
25:33 Forging
42:20 Imperial Age
41:21 Wheelbarrow
40:35 Town Watch
42:41 Capped Ram
44:13 Chain Barding Armor
44:50 Bow Saw
44:41 Heavy Plow
45:45 Conscription
45:40 Forging
47:23 Plate Barding Armor
47:23 Iron Casting
46:15 Elite Jarl
47:33 Iron Casting
48:46 Plate Barding Armor
48:15 Gold Mining
52:41 Ballistics
53:22 Chemistry
52:18 Murder Holes
53:26 Chemistry
52:37 Masonry
52:41 Pikeman
53:21 Squires
53:23 Scale Mail Armor
54:25 Halberdier
pablo5256
7:29 Loom
9:31 Feudal Age
9:33 Man-at-Arms
10:10 Double-Bit Axe
14:33 Horse Collar
22:41 Castle Age
22:02 Scale Barding Armor
23:55 Bloodlines
24:29 Chain Barding Armor
25:18 Marauders
26:17 Forging
32:18 Heavy Plow
32:31 Fletching
33:27 Husbandry
38:31 Imperial Age
39:37 Conscription
40:56 Iron Casting
41:13 Plate Barding Armor
40:11 Light Cavalry
42:38 Blast Furnace
42:34 Wheelbarrow
43:25 Hussar
47:05 Hand Cart
46:59 Bodkin Arrow
48:29 Cavalier
54:17 Gold Mining
54:18 Stone Mining
54:43 Bracer
55:59 Elite Tarkan
Connection lost

Rejoining the realm…

Still unreachable

The connection could not be restored.

Session expired

The server has moved on; the page needs a fresh start.